 Dungeon Crawl Stone Soup version 0.30.0-15-g856e2d3f33 (webtiles) character file.

Game seed: 1471934473389219150

12030 qw the Cleaver (level 11, -6/73 HPs)
             Began as a Gargoyle Fighter on May 20, 2023.
             Was a Believer of Okawaru.
             Mangled by a death yak (16 damage)
             ... on level 2 of the Lair of Beasts.
             The game lasted 00:05:39 (8756 turns).

qw the Cleaver (Gargoyle Fighter)                   Turns: 8756, Time: 00:05:39

Health: -6/73      AC: 28    Str: 24    XL:     11   Next: 87%
Magic:  12/14      EV: 15    Int:  9    God:    Okawaru [**....]
Gold:   538        SH:  8    Dex:  9    Spells: 10/10 levels left

rFire   . . .        o - +1 hand axe (vamp)
rCold   + . .        q - +2 buckler
rNeg    + . .        m - +2 chain mail {rC+}
rPois   inf          c - +0 helmet
rElec   +            (no cloak)
rCorr   .            w - +0 pair of gloves
SInv    .            n - +1 pair of boots
Will    .....        g - amulet of regeneration Stlth
                     e - +5 ring of evasion
HPRegen 1.12/turn    (no ring)
MPRegen 0.14/turn

%: no passive effects
@: about to teleport, heroic
A: sickness immunity, AC +8, negative energy resistance 1, electricity
resistance, torment resistance 1, petrification resistance
a: Renounce Religion, Heroism


You were on level 2 of the Lair of Beasts.
You worshipped Okawaru.
Okawaru was pleased with you.
You visited 3 branches of the dungeon, and saw 11 of its levels.

You collected 730 gold pieces.
You spent 192 gold pieces at shops.


Innate Abilities, Weirdness & Mutations

You are immune to sickness and miasma.
Your stone body is resilient. (AC +8)
You are immune to poison.
You resist negative energy. (rN+)
You are resistant to electric shocks. (rElec)
You are resistant to unholy torment.
You are immune to petrification.


   Skills:
 - Level 10.4(15.4) Fighting
 + Level 12.5(17.5) Axes
 - Level 1.4(6.4) Throwing
 - Level 7.5(12.5) Armour
 - Level 2.1(7.1) Dodging
 - Level 6.0(11.0) Shields
 - Level 4.0 Invocations


You had 10 spell levels left.
You didn't know any spells.
Your spell library was empty.

Inventory:

Hand Weapons
 o - a +1 vampiric hand axe (weapon)
 p - a +0 war axe
 s - a +0 flail
Missiles
 u - 3 boomerangs (quivered)
Armour
 c - a +0 helmet (worn)
 m - a +2 chain mail of cold resistance (worn)
 n - a +1 pair of boots (worn)
 q - a +2 buckler (worn)
 t - a +0 plate armour
 w - a +0 pair of gloves (worn)
Jewellery
 e - a +5 ring of evasion (left hand)
 g - an amulet of regeneration (around neck)
 j - a ring of see invisible
Scrolls
 a - 3 scrolls of identify
 i - 3 scrolls of teleportation
Potions
 b - 4 potions of attraction
 d - 2 potions of might
 f - 2 potions of lignification
 k - 2 potions of mutation
 l - 2 potions of resistance
 r - a potion of berserk rage {unknown}
 v - a potion of curing

Dungeon Overview and Level Annotations

Branches:
Dungeon (8/15)             Temple (1/1) D:6            Lair (2/5) D:8
  Swamp: Lair:2-3    Shoals: Lair:2-3     Snake: Lair:2-3    Spider: Lair:2-3

Altars:
Cheibriados
Dithmenos
Fedhas
Gozag
Hepliaklqana
Makhleb
Nemelex Xobeh
Okawaru
Qazlal
Ru
Sif Muna
Trog
Vehumet
Wu Jian
Xom
Yredelemnul
Zin

Shops:
D:3 !


Message History

You slash the death yak!
The death yak is moderately wounded.
You hit the death yak but do no damage. x4
You feel like a meek peon again.
8751 ||| INVOKING Heroism.
You gain the combat prowess of a mighty hero.
The death yak gores you! The death yak barely misses you.
The death yak gores you but does no damage.
The death yak misses you. You block the death yak's attack.
8752 ||| READING 4 scrolls of teleportation.
As you read the scroll of teleportation, it crumbles to dust.
You feel strangely unstable.
You block the death yak's attack. x2; The death yak closely misses you.
The death yak gores you but does no damage.
The death yak closely misses you.
You slash the death yak!
You feel better.
The death yak is heavily wounded.
You hit the death yak but do no damage. x3; You hit the death yak.
You feel better.
The death yak barely misses you. x2; You block the death yak's attack.
The death yak barely misses you. You block the death yak's attack.
You hit the death yak but do no damage.
The death yak is heavily wounded.
You hit the death yak. You hit the death yak but do no damage.
You barely miss the death yak. You hit the death yak.
You feel better.
You completely miss the death yak.
The death yak is heavily wounded.
You hit the death yak but do no damage. You hit the death yak. x2
You feel better.
You hit the death yak but do no damage. The death yak misses you.
The death yak barely misses you.
The death yak gores you but does no damage. x2
You block the death yak's attack.
You slash the death yak!
The death yak is severely wounded.
You barely miss the death yak. You hit the death yak. x2
You hit the death yak but do no damage. The death yak gores you!
The death yak gores you but does no damage.
The death yak gores you!
You die...

###.# #......###
##...####........#
......##.........# ......##
...>.###.........# #......#
....?# ##........# #......
#....####........#######.....#
......#.P.......#...##......>#
#...............YYP###.......#
.#..............@Y......YYY..##
..............P.YY........Y..P#
....#..##......#.##..........##
..#######.....#######........###
#.# ##......## ###.......P## ###
#......#.# ##......##.
##.....### #...<...... #
##.....# #.......... ## #......#
##.........


You could see 5 death yaks.

Vanquished Creatures
  A hydra (Lair:2)
  A two-headed ogre (D:8)
  A black mamba (Lair:2)
  4 cane toads
  A komodo dragon (Lair:1)
  2 polar bears (Lair:2)
  12 blink frogs
  A wyvern (Lair:1)
  A shadow (D:7)
  A wraith (D:7)
  5 yaks (D:8)
  A basilisk (Lair:2)
  3 steam dragons
  3 water moccasins
  2 sky beasts
  An ice beast (D:6)
  An ogre (D:5)
  An orc warrior (D:7)
  11 wolves
  3 centaurs
  A phantom (D:4)
  A kobold brigand (D:7)
  5 bullfrogs
  A gnoll sergeant (D:7)
  2 scorpions
  9 wights
  14 killer bees
  4 howler monkeys
  9 jellies
  3 hounds (D:5)
  2 quasits (D:6)
  A gnoll bouda (D:8)
  An iguana (D:5)
  6 orc wizards
  5 hell rats (Lair:1)
  8 gnolls
  5 adders
  A river rat (Lair:1)
  3 shadow imps (D:6)
  6 white imps
  An ufetubus (D:3)
  2 dart slugs
  16 orcs
  7 ball pythons
  20 endoplasms
  A giant cockroach (D:4)
  5 goblins
  6 hobgoblins
  4 jackals (D:4)
  4 quokkas
  3 bats
  3 frilled lizards
  8 kobolds
  7 rats
230 creatures vanquished.

Vanquished Creatures (others)
  A white imp (D:7)
1 creature vanquished.

Grand Total: 231 creatures vanquished

Notes
Turn   | Place    | Note
-------+----------+-------------------------------------------
     0 | D:1      | qw the Gargoyle Fighter began the quest for the Orb.
     0 | D:1      | Reached XP level 1. HP: 14/14 MP: 1/1
     0 | D:1      | 0 ||| qw: Version: 0.2-a-97-g499787f
     0 | D:1      | 0 ||| qw: Game counter: 49
     0 | D:1      | 0 ||| qw: Always use a shield: true
     0 | D:1      | 0 ||| qw: God list: Okawaru
     0 | D:1      | 0 ||| qw: Allow faded altars: false
     0 | D:1      | 0 ||| qw: Do Orc after D:15 true
     0 | D:1      | 0 ||| qw: Do second Lair branch before Depths: true
     0 | D:1      | 0 ||| qw: Lair rune preference: random
     0 | D:1      | 0 ||| qw: Plans: Normal, Zot:1-4, God:TSO, Crypt, Tomb,
                  | Pan, Slime:5, Hells, Abyss, Win
     0 | D:1      | 0 ||| PLANNING D:1-11
    60 | D:1      | Reached skill level 2 in Axes
    70 | D:1      | 70 ||| Stepping ~*~*~tactically~*~*~ (hiding).
   278 | D:1      | Reached XP level 2. HP: 19/19 MP: 2/2
   303 | D:1      | Found a faded altar of an unknown god.
   328 | D:1      | 328 ||| Stepping ~*~*~tactically~*~*~ (hiding).
   342 | D:1      | 342 ||| DROPPING +0 club.
   794 | D:1      | 794 ||| Stepping ~*~*~tactically~*~*~ (hiding).
   888 | D:1      | 888 ||| UPGRADING to amulet of regeneration.
   893 | D:1      | 893 ||| UPGRADING to +5 ring of evasion.
   894 | D:1      | 894 ||| READING 3 scrolls labelled LIR TAKAIRHYS.
   895 | D:1      | 895 ||| READING scroll labelled VOMMIRAMPI.
   899 | D:1      | 899 ||| READING scroll labelled DIUGYUZEISH.
   900 | D:1      | 900 ||| DROPPING 2 scrolls of amnesia.
   924 | D:2      | Found a hazy altar of Hepliaklqana.
   934 | D:2      | Reached skill level 3 in Axes
   959 | D:2      | Reached XP level 3. HP: 23/23 MP: 3/3
  1023 | D:2      | 1023 ||| Stepping ~*~*~tactically~*~*~ (stealth).
  1057 | D:2      | 1057 ||| Stepping ~*~*~tactically~*~*~ (stealth).
  1382 | D:2      | 1382 ||| UPGRADING to +2 chain mail of cold resistance.
  1392 | D:2      | 1392 ||| DROPPING +0 scale mail.
  1393 | D:2      | 1393 ||| READING scroll labelled YWAEFF YGEB.
  1394 | D:2      | 1394 ||| READING scroll labelled MAUBAD WOMOAR.
  1395 | D:2      | 1395 ||| DRINKING 2 orange potions.
  1396 | D:2      | 1396 ||| DRINKING 2 dark potions.
  1397 | D:2      | 1397 ||| DROPPING potion of brilliance.
  1479 | D:3      | Reached skill level 4 in Axes
  1479 | D:3      | Reached XP level 4. HP: 23/28 MP: 4/4
  1853 | D:3      | Found a sacrificial altar of Ru.
  2026 | D:3      | Found Gimeovihoo's Distillery.
  2041 | D:3      | 2041 ||| BUYING potion of cancellation (96 gold).
  2041 | D:3      | Bought a potion of cancellation for 96 gold pieces
  2041 | D:3      | 2041 ||| BUYING potion of curing (36 gold).
  2041 | D:3      | Bought a potion of curing for 36 gold pieces
  2041 | D:3      | 2041 ||| BUYING potion of heal wounds (60 gold).
  2041 | D:3      | Bought a potion of heal wounds for 60 gold pieces
  2041 | D:3      | 2041 ||| SHOPLISTING potion of might (48 gold, have 21).
  2041 | D:3      | 2041 ||| SHOPLISTING potion of resistance (120 gold, have
                  | 21).
  2045 | D:3      | 2045 ||| Stepping ~*~*~tactically~*~*~ (stealth).
  2047 | D:3      | 2047 ||| Stepping ~*~*~tactically~*~*~ (stealth).
  2050 | D:3      | 2050 ||| Stepping ~*~*~tactically~*~*~ (stealth).
  2066 | D:3      | Reached XP level 5. HP: 26/32 MP: 5/5
  2073 | D:3      | 2073 ||| DROPPING +0 whip.
  2210 | D:3      | 2210 ||| UPGRADING to +0 pair of boots.
  2215 | D:3      | 2215 ||| READING scroll of enchant armour.
  2215 | D:3      | 2215 ||| ENCHANTING +0 pair of boots.
  2216 | D:3      | 2216 ||| READING scroll labelled EFRAWN QUXTAMN.
  2217 | D:3      | 2217 ||| READING scroll labelled YLIDOUPSOA.
  2223 | D:3      | 2223 ||| DRINKING 2 blue potions.
  2224 | D:3      | 2224 ||| READING 2 scrolls of identify.
  2224 | D:3      | 2224 ||| IDENTIFYING lumpy silvery potion
  2225 | D:3      | 2225 ||| DROPPING potion of magic.
  2289 | D:4      | 2289 ||| SWAPPING to +1 vampiric hand axe.
  2390 | D:4      | Noticed a phantom
  2422 | D:4      | Killed a phantom
  2423 | D:4      | Reached skill level 5 in Axes
  2457 | D:4      | 2457 ||| Stepping ~*~*~tactically~*~*~ (stealth).
  2497 | D:4      | 2497 ||| Stepping ~*~*~tactically~*~*~ (stealth).
  2499 | D:4      | 2499 ||| Stepping ~*~*~tactically~*~*~ (stealth).
  2787 | D:4      | 2787 ||| READING scroll labelled KUMITI XOEMU.
  2788 | D:4      | 2788 ||| READING scroll labelled WATUECZ HYFARAIT.
  2789 | D:4      | 2789 ||| READING 4 scrolls of identify.
  2789 | D:4      | 2789 ||| IDENTIFYING ruby potion
  2790 | D:4      | 2790 ||| READING 3 scrolls of identify.
  2790 | D:4      | 2790 ||| IDENTIFYING bubbling clear potion
  2791 | D:4      | 2791 ||| READING 2 scrolls of identify.
  2791 | D:4      | 2791 ||| IDENTIFYING brown potion
  2792 | D:4      | 2792 ||| DROPPING potion of degeneration.
  2802 | D:5      | Entered Level 5 of the Dungeon
  2848 | D:5      | Noticed an ogre
  2861 | D:5      | Reached XP level 6. HP: 27/37 MP: 6/6
  2902 | D:5      | Reached skill level 6 in Axes
  2902 | D:5      | Reached XP level 7. HP: 43/44 MP: 7/7
  2905 | D:5      | Reached skill level 1 in Dodging
  3026 | D:5      | Reached skill level 7 in Axes
  3142 | D:5      | Reached XP level 8. HP: 49/49 MP: 8/8
  3371 | D:5      | 3371 ||| DROPPING ring of flight.
  3372 | D:5      | 3372 ||| READING 3 scrolls of identify.
  3372 | D:5      | 3372 ||| IDENTIFYING grey potion
  3395 | D:6      | 3395 ||| Stepping ~*~*~tactically~*~*~ (hiding).
  3397 | D:6      | 3397 ||| Stepping ~*~*~tactically~*~*~ (hiding).
  3398 | D:6      | 3398 ||| Stepping ~*~*~tactically~*~*~ (hiding).
  3399 | D:6      | 3399 ||| Stepping ~*~*~tactically~*~*~ (hiding).
  3400 | D:6      | 3400 ||| Stepping ~*~*~tactically~*~*~ (hiding).
  3402 | D:6      | 3402 ||| Stepping ~*~*~tactically~*~*~ (hiding).
  3403 | D:6      | 3403 ||| Stepping ~*~*~tactically~*~*~ (hiding).
  3763 | D:6      | Reached skill level 8 in Axes
  3794 | D:6      | 3794 ||| Stepping ~*~*~tactically~*~*~ (hiding).
  3860 | D:6      | 3860 ||| Stepping ~*~*~tactically~*~*~ (hiding).
  4024 | D:6      | Found a staircase to the Ecumenical Temple.
  4025 | D:6      | 4025 ||| PLANNING TEMPLE
  4035 | D:6      | 4035 ||| UPGRADING to +2 buckler.
  4045 | D:6      | 4045 ||| DROPPING +0 buckler.
  4063 | Temple   | Entered the Ecumenical Temple
  4310 | Temple   | 4310 ||| PLANNING D:1-11
  4346 | D:6      | Reached skill level 6 in Fighting
  4620 | D:6      | 4620 ||| READING scroll labelled EGUUNIN AGGUU.
  4680 | D:7      | 4680 ||| Stepping ~*~*~tactically~*~*~ (stealth).
  4681 | D:7      | 4681 ||| Stepping ~*~*~tactically~*~*~ (stealth).
  4682 | D:7      | 4682 ||| Stepping ~*~*~tactically~*~*~ (stealth).
  4709 | D:7      | Noticed a shadow
  4734 | D:7      | Killed a shadow
  4769 | D:7      | Noticed a wraith
  4804 | D:7      | Killed a wraith
  4805 | D:7      | Reached skill level 9 in Axes
  4805 | D:7      | Reached XP level 9. HP: 51/55 MP: 9/9
  5050 | D:7      | 5050 ||| Stepping ~*~*~tactically~*~*~ (hiding).
  5073 | D:7      | 5073 ||| DRINKING 3 potions of curing.
  5073 | D:7      | 5073 ||| (to cure confusion)
  5215 | D:7      | 5215 ||| Stepping ~*~*~tactically~*~*~ (stealth).
  5226 | D:7      | 5226 ||| Stepping ~*~*~tactically~*~*~ (stealth).
  5227 | D:7      | 5227 ||| Stepping ~*~*~tactically~*~*~ (stealth).
  5229 | D:7      | 5229 ||| Stepping ~*~*~tactically~*~*~ (stealth).
  5238 | D:7      | 5238 ||| Stepping ~*~*~tactically~*~*~ (hiding).
  5250 | D:7      | 5250 ||| Stepping ~*~*~tactically~*~*~ (stealth).
  5297 | D:7      | Found a blossoming altar of Fedhas.
  5297 | D:7      | Found an iron altar of Okawaru.
  5298 | D:7      | 5298 ||| PLANNING OKAWARU WORSHIP
  5298 | D:7      | 5298 ||| UPGRADING to +0 helmet.
  5303 | D:7      | 5303 ||| READING 2 scrolls of identify.
  5303 | D:7      | 5303 ||| IDENTIFYING fuming grey potion
  5304 | D:7      | 5304 ||| DROPPING potion of ambrosia.
  5309 | D:7      | Became a worshipper of Warmaster Okawaru
  5309 | D:7      | 5309 ||| PLANNING D:1-11
  5516 | D:7      | 5516 ||| Stepping ~*~*~tactically~*~*~ (cloud).
  5532 | D:7      | 5532 ||| Stepping ~*~*~tactically~*~*~ (stealth).
  5822 | D:8      | 5822 ||| Stepping ~*~*~tactically~*~*~ (hiding).
  5839 | D:8      | Reached skill level 10 in Axes
  5890 | D:8      | Reached * piety under Okawaru
  5906 | D:8      | Found a staircase to the Lair.
  5988 | D:8      | Reached skill level 1 in Invocations
  6012 | D:8      | Reached XP level 10. HP: 59/64 MP: 11/11
  6026 | D:8      | 6026 ||| INVOKING Heroism.
  6040 | D:8      | Reached skill level 3 in Invocations
  6116 | D:8      | 6116 ||| INVOKING Heroism.
  6500 | D:8      | Reached skill level 1 in Throwing
  6594 | D:8      | 6594 ||| Stepping ~*~*~tactically~*~*~ (stealth).
  6598 | D:8      | 6598 ||| DRINKING 2 potions of curing.
  6598 | D:8      | 6598 ||| (to cure confusion)
  6599 | D:8      | 6599 ||| DRINKING potion of curing.
  6599 | D:8      | 6599 ||| (to cure confusion)
  6615 | D:8      | Noticed a two-headed ogre
  6616 | D:8      | 6616 ||| INVOKING Heroism.
  6623 | D:8      | Killed a two-headed ogre
  6676 | D:8      | Reached skill level 11 in Axes
  6734 | D:8      | 6734 ||| PLANNING LAIR
  6803 | Lair:1   | Entered Level 1 of the Lair of Beasts
  6816 | Lair:1   | Reached ** piety under Okawaru
  6919 | Lair:1   | Reached skill level 6 in Armour
  6979 | Lair:1   | 6979 ||| INVOKING Heroism.
  7012 | Lair:1   | 7012 ||| INVOKING Heroism.
  7069 | Lair:1   | 7069 ||| INVOKING Heroism.
  7081 | Lair:1   | Reached skill level 9 in Fighting
  7210 | Lair:1   | Noticed a cane toad
  7211 | Lair:1   | 7211 ||| INVOKING Heroism.
  7224 | Lair:1   | Killed a cane toad
  7225 | Lair:1   | Reached XP level 11. HP: 60/71 MP: 12/14
  7259 | Lair:1   | 7259 ||| Stepping ~*~*~tactically~*~*~ (stealth).
  7261 | Lair:1   | 7261 ||| INVOKING Heroism.
  7387 | Lair:1   | 7387 ||| Stepping ~*~*~tactically~*~*~ (stealth).
  7389 | Lair:1   | 7389 ||| INVOKING Heroism.
  7445 | Lair:1   | 7445 ||| INVOKING Heroism.
  7651 | Lair:1   | 7651 ||| UPGRADING to +0 pair of gloves.
  7656 | Lair:1   | 7656 ||| READING scroll labelled XICONA ONKE.
  7657 | Lair:1   | 7657 ||| READING scroll labelled KEJAIL KYUJU.
  7758 | Lair:1   | 7758 ||| READING 3 scrolls of identify.
  7758 | Lair:1   | 7758 ||| IDENTIFYING red potion
  7759 | Lair:1   | 7759 ||| DROPPING potion of invisibility.
  7787 | Lair:2   | 7787 ||| STAIRDANCE
  7826 | Lair:2   | Noticed an eight-headed hydra
  7827 | Lair:2   | 7827 ||| INVOKING Heroism.
  7834 | Lair:2   | 7834 ||| SWAPPING to +0 flail.
  7844 | Lair:2   | 7844 ||| INVOKING Heroism.
  7845 | Lair:2   | HP: 17/71 [eight-headed hydra (2)]
  7846 | Lair:2   | 7846 ||| READING 4 scrolls of teleportation.
  7847 | Lair:2   | 7847 ||| DRINKING 4 potions of heal wounds.
  7851 | Lair:2   | 7851 ||| SWAPPING to +1 vampiric hand axe.
  7927 | Lair:2   | Noticed an oklob plant
  7928 | Lair:2   | 7928 ||| INVOKING Heroism.
  7935 | Lair:2   | 7935 ||| DRINKING 2 potions of cancellation.
  7964 | Lair:2   | 7964 ||| INVOKING Heroism.
  7974 | Lair:2   | 7974 ||| DRINKING potion of cancellation.
  7991 | Lair:2   | 7991 ||| INVOKING Heroism.
  7996 | Lair:2   | HP: 12/71 [oklob plant/splash of acid (12)]
  7997 | Lair:2   | 7997 ||| READING 3 scrolls of teleportation.
  7998 | Lair:2   | 7998 ||| DRINKING 3 potions of heal wounds.
  8126 | Lair:2   | 8126 ||| INVOKING Heroism.
  8134 | Lair:2   | 8134 ||| SWAPPING to +0 flail.
  8141 | Lair:2   | Killed an eight-headed hydra
  8142 | Lair:2   | 8142 ||| SWAPPING to +1 vampiric hand axe.
  8147 | Lair:2   | 8147 ||| INVOKING Heroism.
  8149 | Lair:2   | Reached skill level 12 in Axes
  8171 | Lair:2   | 8171 ||| INVOKING Heroism.
  8215 | Lair:2   | 8215 ||| INVOKING Heroism.
  8222 | Lair:2   | Reached skill level 6 in Shields
  8244 | Lair:2   | 8244 ||| INVOKING Heroism.
  8263 | Lair:2   | Reached *** piety under Okawaru
  8371 | Lair:2   | 8371 ||| INVOKING Heroism.
  8463 | Lair:2   | 8463 ||| INVOKING Heroism.
  8519 | Lair:2   | Noticed a death yak
  8519 | Lair:2   | Noticed a death yak
  8520 | Lair:2   | 8520 ||| INVOKING Heroism.
  8521 | Lair:2   | Noticed a death yak
  8522 | Lair:2   | Noticed a death yak
  8522 | Lair:2   | Noticed a death yak
  8539 | Lair:2   | HP: 15/73 [death yak (14)]
  8540 | Lair:2   | 8540 ||| READING 5 scrolls of teleportation.
  8541 | Lair:2   | 8541 ||| DRINKING 2 potions of heal wounds.
  8541 | Lair:2   | HP: 6/73 [death yak (7)]
  8542 | Lair:2   | 8542 ||| DRINKING potion of heal wounds.
  8734 | Lair:2   | 8734 ||| INVOKING Heroism.
  8751 | Lair:2   | 8751 ||| INVOKING Heroism.
  8751 | Lair:2   | HP: 15/73 [death yak (16)]
  8752 | Lair:2   | 8752 ||| READING 4 scrolls of teleportation.
  8756 | Lair:2   | HP: 10/73 [death yak (17)]
  8756 | Lair:2   | Mangled by a death yak

Levels and vault maps discovered:
D:1:      dpeg_arrival_line_fractal, layout_loops_ring,
          shapermc_ecumenical_altar_notcrosses
D:2:      layout_rooms, basic_altar
D:3:      layout_basic, lemuel_crystal_altar, serial_shops, nicolae_square_shop
D:4:      layout_rooms
D:5:      layout_basic
D:6:      layout_loops_corners, minmay_temple_entry_tees, serial_demonic,
          serial_demonic_f, serial_demonic_d, serial_demonic_g,
          serial_demonic_c, minmay_a_box_with_orc_wizards_in_it
D:7:      layout_loops_corners, gammafunk_temple_overflow_statue,
          minmay_misc_feat_five
D:8:      layout_cave_pods, lair_entry_dummy
Temple:   minmay_temple_curvy_branch
Lair:1:   layout_roguey, st_stairs_9, kennysheep_abandoned_house
Lair:2:   lemuel_slime, layout_hall_layers, chequers_serial_rivers_room_a

Skill      XL: |  1  2  3  4  5  6  7  8  9 10 11 |
---------------+----------------------------------+-----
Axes           | 2 3 4 5 6 7 9 10 11 12 | 12.5
Fighting       | 4 5 6 8 9 10 | 10.4
Dodging        | 1 2 |  2.1
Armour         | 4 5 6 7 |  7.5
Shields        | 4 5 6 |  6.0
Invocations    | 2 4 |  4.0
Throwing       | 1 |  1.4

Action                     |  1- 3 |  4- 6 |  7- 9 | 10-12 || total
---------------------------+-------+-------+-------+-------++-------
  Melee: War axe           |   100 |    26 |       |       ||   126
         Hand axe          |       |    98 |   507 |   479 ||  1084
         Flail             |       |       |       |    20 ||    20
  Throw: Boomerang         |       |       |       |    63 ||    63
 Invoke: Heroism           |       |       |       |    25 ||    25
    Use: Scroll            |     5 |     9 |     3 |     7 ||    24
         Potion            |     2 |     1 |     1 |     8 ||    12
 Armour: Scale mail        |    32 |       |       |       ||    32
         Chain mail        |     3 |    83 |   271 |   255 ||   612
  Dodge: Dodged            |    52 |   113 |   308 |   359 ||   832
  Block: Buckler           |    13 |    22 |   149 |   207 ||   391

Table legend:
 A = Non-vault XP
 B = Vault XP
 C = Vault XP percentage of total XP
 D = Non-vault monster count
 E = Vault monster count
 F = Vault count percentage of total count
                 A         B        C        D         E       F
            +---------+---------+-------+---------+---------+-------
      Total |   16096 |    1091 |   6.3 |     193 |      38 |  16.5
            +---------+---------+-------+---------+---------+-------
        D:1 |      29 |       0 |   0.0 |      17 |       0 |   0.0
        D:2 |      36 |       0 |   0.0 |      18 |       0 |   0.0
        D:3 |     130 |       0 |   0.0 |      15 |       0 |   0.0
        D:4 |     121 |       0 |   0.0 |       9 |       0 |   0.0
        D:5 |     964 |       0 |   0.0 |      26 |       0 |   0.0
        D:6 |     374 |     143 |  27.7 |       7 |       7 |  50.0
        D:7 |    2325 |       0 |   0.0 |      36 |       0 |   0.0
        D:8 |    3140 |       0 |   0.0 |      27 |       0 |   0.0
     Lair:1 |    3479 |     702 |  16.8 |      15 |      11 |  42.3
     Lair:2 |    5498 |     246 |   4.3 |      23 |      20 |  46.5
            +---------+---------+-------+---------+---------+-------
